 Dungeon Sprint DCSS version 0.23.0-28-g6fe0f4d (webtiles) character file.

Game seed: 0

13223 Fang the Warrior (level 12, -1/70 HPs)
             Began as a Gargoyle Berserker on Feb 25, 2019.
             Was the Champion of Trog.
             Slain by a death ooze (10 damage)
             ... in the Dungeon (Sprint V: "Ziggurat Sprint").
             The game lasted 00:06:35 (1685 turns).

Fang the Warrior (Gargoyle Berserker)               Turns: 1685, Time: 00:06:35

Health: -1/70      AC: 38    Str: 34    XL:     12   Next: 3%
Magic:  3/3        EV: 10    Int:  9    God:    Trog [******]
Gold:   0          SH:  0    Dex:  5    Spells: 11/11 levels left

rFire    + . .     SeeInvis +   k - +5 executioner's axe (flame)
rCold    + + +     Gourm    .   (shield currently unavailable)
rNeg     + + .     Faith    .   j - +5 gold dragon scales
rPois    ∞         Spirit   .   A - +2 helmet of Inviolability {rPois MR+ rCorr MP-9}
rElec    +         Reflect  +   P - scarf {cloud immunity}
rCorr    +         Harm     .   (no gloves)
MR       +....     NoTele   +   (no boots)
Stlth    ..........             z - amulet of Lakhlos {Reflect Str+3 SH+2}
HPRegen  0.00/turn              E - +6 ring of strength
MPRegen  0.08/turn              b - ring "Ecemenko" {Wiz rC+++ rN+ SInv Stlth-}

@: confused
A: clumsy 2, frail 2, negative energy resistance 1, electricity resistance,
inhibited regeneration, unbreathing, petrification resistance, rot immunity, AC
+8
a: Berserk, Trog's Hand, Brothers in Arms, Renounce Religion


You were in the Dungeon.
You worshipped Trog.
Trog was exalted by your worship.
You were not hungry.

You visited 1 branch

Inventory:

Hand Weapons
 k - a +5 executioner's axe of flaming (weapon)
 F - a +3 antimagic war axe
 J - a +3 executioner's axe of chopping
 N - a +5 broad axe of electrocution
Armour
 j - +5 gold dragon scales (worn)
 A - the +2 helmet of Inviolability (worn) {rPois MR+ rCorr MP-9}
   (You found it in the Dungeon)

   It protects you from poison.
   It affects your resistance to hostile enchantments.
   It affects your magic capacity (-9).
   It provides partial protection from all sources of acid and corrosion.
 L - the +2 helmet "Inkux Upo" {rElec}
   (You found it in the Dungeon)

   It insulates you from electricity.
 M - a +3 plate armour of cold resistance
 P - a scarf of cloud immunity (worn)
Jewellery
 a - an uncursed amulet of the acrobat
 b - the ring "Ecemenko" (right hand) {Wiz rC+++ rN+ SInv Stlth-}
   (You found it in the Dungeon)

   [ring of wizardry]

   It improves your spell success rate.
   It renders you almost immune to cold.
   It protects you from negative energy.
   It lets you see invisible.
   It makes you less stealthy.
 z - the amulet of Lakhlos (around neck) {Reflect Str+3 SH+2}
   (You found it in the Dungeon)

   [amulet of reflection]

   It shields you and reflects attacks.
   It affects your strength (+3).
   It affects your SH (+2).
 C - an uncursed amulet of regeneration
 E - a +6 ring of strength (left hand)
 G - an uncursed ring of protection from magic
 I - an uncursed ring of protection from cold
 Q - the ring "Beczucy" {rN+ Dex+2}
   (You found it in the Dungeon)

   [ring of positive energy]

   It affects your dexterity (+2).
   It protects you from negative energy.
Wands
 w - a wand of disintegration (7)
 x - a wand of iceblast (7)
 y - a wand of acid (7)
Scrolls
 i - 4 scrolls of blinking
 l - 7 scrolls of fog
 m - a scroll of holy word
 n - 5 scrolls of identify
 o - 5 scrolls of remove curse
 p - 2 scrolls of fear
Potions
 d - 10 potions of curing
 e - 10 potions of heal wounds
 f - 10 potions of haste
 g - 7 potions of magic
 h - 3 potions of berserk rage
 q - 2 potions of brilliance
 r - 2 potions of invisibility
 s - 4 potions of resistance
 t - a potion of experience
 u - 5 potions of agility
 v - 5 potions of might
Miscellaneous
 B - 3 sacks of spiders
 K - a box of beasts
Comestibles
 c - 6 rations


   Skills:
 + Level 15.9 Fighting
 + Level 13.7 Axes
 + Level 15.8 Armour
 + Level 12.6 Dodging


You had 11 spell levels left.
You didn't know any spells.
Your spell library was empty.

Dungeon Overview and Level Annotations

Branches:
Dungeon (1/1)

Altars:
Ashenzari
Cheibriados
Dithmenos
Elyvilon
Fedhas
Gozag
Hepliaklqana
Kikubaaqudgha
Makhleb
Nemelex Xobeh
Okawaru
Qazlal
Ru
Sif Muna
Trog
Uskayaw
Vehumet
Wu Jian
Xom
Yredelemnul
Zin
The Shining One
Beogh
Jiyva
Lugonu


Innate Abilities, Weirdness & Mutations

You are resistant to torment.
Your stone body is resilient. (AC +8)
You are immune to poison.
You resist negative energy. (rN+)
You are resistant to electric shocks. (rElec)
You can survive without breathing.
You are immune to petrification.
You are immune to rotting.
You are very clumsy. (Dex -4)
You are very frail. (-20% HP)
You do not regenerate when monsters are visible.


Message History

The slime creature hits you but does no damage.
The death ooze hits you but does no damage. x2
You can move again.
You hit the slime creature. You burn the slime creature.
The slime creature is severely wounded.
You slice the death ooze!! You burn the death ooze!
You slash the eye of devastation! You burn the eye of devastation.
The golden eye blinks at you.
You are more confused.
The slime creature barely misses you. The death ooze barely misses you.
The death ooze closely misses you.
Unknown command.
You closely miss the slime creature.
The slime creature is severely wounded.
You slash the death ooze! You burn the death ooze.
You hit the eye of devastation. You burn the eye of devastation.
The death ooze hits you.
* * * LOW HITPOINT WARNING * * *
The death ooze hits you!
You die...

▓..:)[))|.▓..)}|.:.
▓..}[)=}..▓..})))|.
▓.........▓........
▓....G....▓........
▓.§.......▓........
▓..§......▓........
▓J.GJ.....▓........
▓G▓JJ...▓.▓....)...
▓.@JG©....▓....©...
▓▓▓▓▓▓▓▓▓▓▓▓▓▓▓▓▓▓▓


You could see a great orb of eyes, 2 slime creatures, an eye of devastation, a
death ooze, a jelly, a floating eye, an ooze and a golden eye.

Vanquished Creatures
  An ettin (D)
  A great orb of eyes (D)
  4 vault guards (D)
  2 soul eaters (D)
  An ironbrand convoker (D)
  An ugly thing (D)
  A deep elf mage (D)
  4 shining eyes (D)
  A vault sentinel (D)
  5 toenail golems (D)
  An eye of devastation (D)
  A gargoyle (D)
  2 rime drakes (D)
  A komodo dragon (shapeshifter) (D)
  A hornet (shapeshifter) (D)
  3 golden eyes (D)
  A neqoxec (D)
  A steam dragon (D)
  A porcupine (D)
  3 water moccasins (D)
  2 orc warriors (D)
  A swamp drake (D)
  An ice beast (D)
  A wolf (D)
  An earth elemental (D)
  A jelly (D)
  2 orc priests (D)
  2 orc wizards (D)
  2 mummies (D)
  An adder (D)
  A white imp (D)
  An ooze (D)
  A spectral adder (D)
  An adder skeleton (D)
  An adder zombie (D)
  4 spectral bats (D)
  A ball python (D)
  2 bat zombies (D)
  A bat simulacrum (D)
  A giant cockroach zombie (D)
64 creatures vanquished.

Notes
Turn   | Place    | Note
-------+----------+-------------------------------------------
     0 | D        | Found the +6 Majin-Bo {vamp, Archmagi MP+6 Int+6}
     0 | D        | Found the +7 great mace "Firestarter" {inner flame, rF++}
     0 | D        | Fang the Gargoyle Berserker began the quest for the Orb.
     0 | D        | Reached XP level 1. HP: 14/14 MP: 1/1
    15 | D        | Found a blossoming altar of Fedhas.
    16 | D        | Found a viscous altar of Jiyva.
    16 | D        | Found a hazy altar of Hepliaklqana.
    16 | D        | Found a transporter.
    16 | D        | Found an opulent altar of Gozag.
    16 | D        | Found an ancient bone altar of Kikubaaqudgha.
    16 | D        | Found a corrupted altar of Lugonu.
    21 | D        | Found a burning altar of Makhleb.
    22 | D        | Found a sacrificial altar of Ru.
    22 | D        | Found a stormy altar of Qazlal.
    22 | D        | Found a deep blue altar of Sif Muna.
    22 | D        | Found an iron altar of Okawaru.
    22 | D        | Found a bloodstained altar of Trog.
    22 | D        | Found a sparkling altar of Nemelex Xobeh.
    74 | D        | Entered arena 2.
    74 | D        | Noticed a porcupine
    74 | D        | Noticed a wolf
    74 | D        | Found a transporter.
    77 | D        | Killed a porcupine
    77 | D        | Reached skill level 5 in Fighting
    77 | D        | Reached skill level 5 in Armour
    77 | D        | Reached XP level 2. HP: 17/22 MP: 2/2
    77 | D        | Reached XP level 3. HP: 21/27 MP: 3/3
    77 | D        | Reached XP level 4. HP: 25/32 MP: 4/4
    85 | D        | Killed a wolf
    85 | D        | Reached skill level 5 in Axes
    85 | D        | Reached XP level 5. HP: 11/37 MP: 5/5
   327 | D        | Entered arena 3.
   327 | D        | Noticed an ice beast
   327 | D        | Found a transporter.
   330 | D        | Reached ** piety under Trog
   334 | D        | Killed an ice beast
   334 | D        | Reached skill level 5 in Dodging
   334 | D        | Reached XP level 6. HP: 44/44 MP: 6/6
   378 | D        | Entered arena 4.
   378 | D        | Found a transporter.
   382 | D        | Reached *** piety under Trog
   390 | D        | Got the ring "Ecemenko" {Wiz rC+++ rN+ SInv Stlth-}
   395 | D        | Entered arena 5.
   395 | D        | Noticed a steam dragon
   395 | D        | Noticed a rime drake
   395 | D        | Noticed a swamp drake
   395 | D        | Noticed a rime drake
   395 | D        | Found a transporter.
   399 | D        | Killed a rime drake
   399 | D        | Reached **** piety under Trog
   399 | D        | Reached XP level 7. HP: 42/50 MP: 7/7
   400 | D        | Killed a steam dragon
   403 | D        | Killed a rime drake
   403 | D        | Reached skill level 10 in Fighting
   403 | D        | Reached XP level 8. HP: 49/57 MP: 8/8
   500 | D        | Got the +2 helmet of Inviolability {rPois MR+ rCorr MP-9}
   513 | D        | Entered arena 6.
   513 | D        | Found a transporter.
   515 | D        | Received a gift from Trog
   516 | D        | Reached ***** piety under Trog
   519 | D        | Reached skill level 10 in Armour
   538 | D        | Entered arena 7.
   538 | D        | Noticed a purple ugly thing
   538 | D        | Noticed a hornet
   538 | D        | Noticed a shining eye
   538 | D        | Noticed a fire crab
   538 | D        | Noticed a shining eye
   540 | D        | Found a transporter.
   543 | D        | a hornet changed into a fire bat
   544 | D        | Gained mutation: You are frail. (-10% HP) [a shining eye]
   545 | D        | Killed a shining eye
   545 | D        | Killed a purple ugly thing
   545 | D        | Reached XP level 9. HP: 53/57 MP: 0/9
   545 | D        | Killed a shining eye
   545 | D        | Received a gift from Trog
   545 | D        | Reached skill level 10 in Axes
   547 | D        | Noticed a komodo dragon
   547 | D        | a fire crab changed into a komodo dragon
   548 | D        | Noticed a hornet
   548 | D        | a fire bat changed into a hornet
   552 | D        | Gained mutation: You are very frail. (-20% HP) [a neqoxec]
   553 | D        | Killed a komodo dragon
   560 | D        | Killed a hornet
   621 | D        | Got the amulet of Lakhlos {Reflect Str+3 SH+2}
   775 | D        | Got the cursed +0 robe "Xot Gairr" {rElec rC+ Dex-3 Stlth+}
   779 | D        | Entered arena 8.
   780 | D        | Found a transporter.
   789 | D        | Reached ****** piety under Trog
   789 | D        | Received a gift from Trog
   900 | D        | Entered arena 9.
   900 | D        | Noticed a toenail golem
   900 | D        | Noticed a toenail golem
   900 | D        | Noticed a toenail golem
   900 | D        | Noticed a toenail golem
   900 | D        | Noticed a toenail golem
   900 | D        | Noticed a gargoyle
   901 | D        | Found a transporter.
   904 | D        | Killed a toenail golem
   904 | D        | Reached XP level 10. HP: 57/57 MP: 1/10
   904 | D        | Killed a toenail golem
   904 | D        | Reached skill level 10 in Dodging
   906 | D        | Killed a gargoyle
   908 | D        | Killed a toenail golem
   909 | D        | Killed a toenail golem
   910 | D        | Killed a toenail golem
   910 | D        | Received a gift from Trog
   918 | D        | Got the +2 helmet "Inkux Upo" {rElec}
   988 | D        | Entered arena 10.
   988 | D        | Noticed a shining eye
   988 | D        | Noticed an eye of devastation
   988 | D        | Noticed a shining eye
   989 | D        | Found a transporter.
  1000 | D        | Killed an eye of devastation
  1003 | D        | Killed a shining eye
  1003 | D        | Received a gift from Trog
  1004 | D        | Gained mutation: You are clumsy. (Dex -2) [a shining eye]
  1007 | D        | Gained mutation: You are very clumsy. (Dex -4) [a shining
                  | eye]
  1015 | D        | Gained mutation: You do not regenerate when monsters are
                  | visible. [a shining eye]
  1017 | D        | Killed a shining eye
  1017 | D        | Reached XP level 11. HP: 54/64 MP: 2/11
  1172 | D        | Entered arena 11.
  1172 | D        | Noticed an ironbrand convoker
  1172 | D        | Noticed an ettin
  1172 | D        | Noticed a deep elf mage
  1172 | D        | Noticed a vault guard
  1172 | D        | Noticed a vault guard
  1172 | D        | Noticed a vault guard
  1172 | D        | Noticed a great orb of eyes
  1172 | D        | Noticed a vault guard
  1173 | D        | Found the cursed necklace of Bloodlust {*Rage +Rage MR++
                  | Int-3 Slay+6 *Curse}
  1173 | D        | Found a transporter.
  1180 | D        | Killed a great orb of eyes
  1180 | D        | Killed a vault guard
  1181 | D        | Killed a vault guard
  1181 | D        | Killed an ettin
  1181 | D        | Received a gift from Trog
  1181 | D        | Reached skill level 15 in Fighting
  1184 | D        | Killed a vault guard
  1184 | D        | Reached skill level 15 in Armour
  1187 | D        | Killed a vault guard
  1188 | D        | Killed an ironbrand convoker
  1189 | D        | Killed a deep elf mage
  1189 | D        | Received a gift from Trog
  1226 | D        | Got the ring "Beczucy" {rN+ Dex+2}
  1474 | D        | Entered arena 12.
  1474 | D        | Noticed a soul eater
  1475 | D        | Noticed a soul eater
  1477 | D        | Received a gift from Trog
  1485 | D        | Killed a soul eater
  1489 | D        | Killed a soul eater
  1489 | D        | Reached XP level 12. HP: 51/70 MP: 3/12
  1490 | D        | Found a transporter.
  1672 | D        | Entered arena 13.
  1672 | D        | Noticed a death ooze
  1673 | D        | Noticed a great orb of eyes
  1675 | D        | Paralysed by a floating eye for 3 turns
  1682 | D        | Paralysed by a floating eye for 2 turns
  1685 | D        | Slain by a death ooze

Skill      XL: |  1  2  3  4  5  6  7  8  9 10 11 |
---------------+----------------------------------+-----
Fighting       | 5 6 7 8 10 11 12 14 15 | 15.9
Axes           | 4 5 6 7 8 9 10 12 13 | 13.7
Armour         | 5 6 7 8 9 11 12 13 15 | 15.8
Dodging        | 3 4 5 6 7 8 9 11 12 | 12.6

Action                   |  1- 3 |  4- 6 |  7- 9 | 10-12 || total
-------------------------+-------+-------+-------+-------++-------
Melee: Executioner's axe |     2 |    20 |    37 |    54 ||   113
Invok: Berserk           |     1 |     2 |     2 |     2 ||     7
  Use: Scroll            |       |       |     1 |       ||     1
 Stab: Distracted        |       |       |       |     1 ||     1
  Eat: Chunk             |       |       |     4 |     3 ||     7
       Ration            |       |       |       |     1 ||     1
Armor: Gold dragon scale |     5 |    15 |    75 |    48 ||   143
Dodge: Dodged            |     1 |    14 |    32 |    48 ||    95
Block: Other             |       |       |     2 |     3 ||     5
